 Dungeon Crawl Stone Soup version 0.29.0-4-gdea44cf6ec (webtiles) character file.

Game seed: 6341762937208561911

42 qw the Sneak (level 3, -5/23 HPs)
             Began as a Gargoyle Delver on Sept 10, 2022.
             Slain by a water moccasin (6 damage)
             ... on level 5 of the Dungeon.
             The game lasted 00:00:05 (209 turns).

qw the Sneak (Gargoyle Delver)                       Turns: 209, Time: 00:00:05

Health: -5/23      AC:  6    Str: 17    XL:     3   Next: 56%
Magic:  3/3        EV: 11    Int: 10    God:
Gold:   11         SH:  0    Dex: 11    Spells: 2/2 levels left

rFire   . . .      SeeInvis .   a - +0 hand axe
rCold   . . .      Faith    .   (no shield)
rNeg    + . .      Spirit   .   b - +0 leather armour
rPois   inf        Reflect  .   (no helmet)
rElec   +          Harm     .   (no cloak)
rCorr   .          Rampage  .   (no gloves)
Will    .....                   (no boots)
Stlth   +++.......              (no amulet)
HPRegen 0.07/turn               (no ring)
MPRegen 0.08/turn               (no ring)

@: marked
A: sickness immunity, AC +3, negative energy resistance 1, electricity
resistance, torment resistance 1, petrification resistance
a: no special abilities


You were on level 5 of the Dungeon.
You visited 1 branch of the dungeon, and saw 1 of its levels.

You collected 11 gold pieces.


Innate Abilities, Weirdness & Mutations

You are immune to sickness and miasma.
Your stone body is resilient. (AC +3)
You are immune to poison.
You resist negative energy. (rN+)
You are resistant to electric shocks. (rElec)
You are resistant to unholy torment.
You are immune to petrification.


   Skills:
 - Level 3.2 Fighting
 + Level 3.5 Axes
 - Level 1.5 Dodging
 - Level 5.4 Stealth


You had 2 spell levels left.
You didn't know any spells.
Your spell library was empty.

Inventory:

Hand Weapons
 a - a +0 hand axe (weapon)
Armour
 b - a +0 leather armour (worn)
 h - a +0 ring mail
 k - a +0 chain mail
Wands
 g - a wand of digging (3)
Scrolls
 c - a scroll of fog
 d - a scroll of magic mapping
 e - a scroll of fear
 i - a scroll of blinking {unknown}
 j - a scroll of poison {unknown}
Potions
 f - a potion of haste

Dungeon Overview and Level Annotations

Branches:
Dungeon (5/15)
 Temple: D:4-7

Altars:


Message History

A white imp comes into view.
You barely miss the adder.
The adder is lightly wounded.
A water moccasin comes into view.
The adder barely misses you. The adder bites you but does no damage.
You hit the adder.
The adder is severely wounded.
The adder bites you but does no damage.
You hit the adder.
The adder is almost dead.
The adder bites you but does no damage. The adder closely misses you.
You closely miss the adder.
The adder is almost dead.
You miss the water moccasin. The water moccasin bites you.
The adder bites you but does no damage. The water moccasin barely misses you.
You closely miss the adder.
The adder is almost dead.
You closely miss the water moccasin. The adder closely misses you.
The water moccasin bites you! The adder bites you.
You slash the adder!
You kill the adder!
You closely miss the white imp. You miss the water moccasin.
The water moccasin misses you.
The white imp hits you but does no damage.
The water moccasin bites you.
You hit the water moccasin.
The water moccasin is moderately wounded.
You hit the white imp but do no damage. The water moccasin barely misses you.
The white imp picks up a beetle and eats it.
The white imp gestures at you.
The puff of frost hits you but does no damage.
You barely miss the water moccasin.
The water moccasin is moderately wounded.
You barely miss the white imp. The water moccasin bites you.
The white imp gestures at you. The puff of frost hits you.
The water moccasin bites you.
You die...

# ####### # #.....# ####
#.....# ...# #.....#
...# #.....####### ...#
#.....##....#
...####.....##....######
...'........)..S@)......
...####.....##...5#.####
...# #.....##....# ####
###'####....#
#########.# #....#
..........# #....#
###################
............##
#####.#####..#


You could see a water moccasin and a white imp.

Vanquished Creatures
  A jelly (D:5)
  An adder (D:5)
  2 orcs (D:5)
4 creatures vanquished.

Notes
Turn   | Place    | Note
-------+----------+-------------------------------------------
     0 | D:5      | qw the Gargoyle Delver began the quest for the Orb.
     0 | D:5      | Reached XP level 1. HP: 14/14 MP: 1/1
     0 | D:5      | 0 ||| qw: Version: 0.1-a-116-g5d60599
     0 | D:5      | 0 ||| qw: Game counter: 8494
     0 | D:5      | 0 ||| qw: Always use a shield: true
     0 | D:5      | 0 ||| qw: God list: Okawaru
     0 | D:5      | 0 ||| qw: Allow faded altars: false
     0 | D:5      | 0 ||| qw: Do Orc after D:15 true
     0 | D:5      | 0 ||| qw: Do second Lair branch before Depths: true
     0 | D:5      | 0 ||| qw: Lair rune preference: random
     0 | D:5      | 0 ||| qw: Plans: Normal
     0 | D:5      | 0 ||| PLANNING D:1-11
    53 | D:5      | Noticed a jelly
    66 | D:5      | Killed a jelly
    67 | D:5      | Reached skill level 3 in Axes
    67 | D:5      | Reached XP level 2. HP: 14/19 MP: 2/2
    67 | D:5      | Reached XP level 3. HP: 17/23 MP: 3/3
   202 | D:5      | Noticed a water moccasin
   209 | D:5      | HP: 2/23 [water moccasin (5)]
   209 | D:5      | Slain by a water moccasin

Levels and vault maps discovered:
D:5:      layout_basic, minmay_quadrilaterals, uniq_pikel

Skill      XL: |  1 |
---------------+----+-----
Axes           | 3 |  3.5
Fighting       | |  3.2
Dodging        | |  1.5
Stealth        | |  5.4

Action                   || total
-------------------------++-------
Melee: Hand axe          ||    18
Armor: Leather armour    ||     9
Dodge: Dodged            ||    10

Table legend:
 A = Non-vault XP
 B = Vault XP
 C = Vault XP percentage of total XP
 D = Non-vault monster count
 E = Vault monster count
 F = Vault count percentage of total count
                 A         B        C        D         E       F
            +---------+---------+-------+---------+---------+-------
      Total |      61 |       0 |   0.0 |       4 |       0 |   0.0
            +---------+---------+-------+---------+---------+-------
        D:5 |      61 |       0 |   0.0 |       4 |       0 |   0.0
            +---------+---------+-------+---------+---------+-------
